 Dungeon Crawl Stone Soup version 0.26-a0-712-ga5a9c9c9d0 (webtiles) character file.

Game seed: 5725249583242593366

3608 Azzok the Cleaver (level 9, -3/63 HPs)
             Began as a Demonspawn Berserker on Nov 6, 2020.
             Was a High Priest of Trog.
             Shot with a bolt by an orc warrior (24 damage)
             ... in a bailey.
             The game lasted 00:10:18 (7628 turns).

Azzok the Cleaver (Demonspawn Berserker)            Turns: 7628, Time: 00:10:18

Health: -3/63      AC: 16    Str: 21    XL:     9   Next: 86%
Magic:  9/9        EV:  7    Int:  9    God:    Trog [*****.]
Gold:   460        SH:  9    Dex: 18    Spells: 8/8 levels left

rFire    . . .     SeeInvis .   z - +7 short sword of Lies {venom, rPois}
rCold    + . .     Faith    .   r - +0 buckler
rNeg     . . .     Spirit   .   y - +0 plate armour
rPois    +         Reflect  .   o - +1 hat {MR+}
rElec    .         Harm     .   j - scarf {repulsion}
rCorr    .         Rampage  .   (no gloves)
MR       +....                  c - +1 pair of boots
Stlth    ..........             (no amulet)
HPRegen  0.20/turn              J - +6 ring of dexterity
MPRegen  0.11/turn              (no ring)

@: repel missiles
A: hooves 2, large bone plates 1, cold resistance 1, powered by death 2
a: Berserk, Trog's Hand, Brothers in Arms, Renounce Religion


You were in a bailey.
You worshipped Trog.
Trog was extremely pleased with you.
You visited 1 branch of the dungeon, and saw 8 of its levels.
You also visited: Bailey.

You collected 460 gold pieces.

Inventory:

Hand Weapons
 d - a +2 hand axe of freezing
 n - a +2 whip of electrocution
 u - a +0 spear
 z - the +7 short sword of Lies (weapon) {venom, rPois}
   (You found it on level 4 of the Dungeon)

   It poisons the flesh of those it strikes.
   It protects you from poison.
Armour
 c - a +1 pair of boots (worn)
 j - a scarf of repulsion (worn)
 o - a +1 hat of magic resistance (worn)
 r - a +0 buckler (worn)
 y - a +0 plate armour (worn)
 B - a +2 cloak
 H - a scarf of resistance
Jewellery
 J - a +6 ring of dexterity (left hand)
Wands
 x - a wand of flame (39)
 I - a wand of disintegration (16)
Scrolls
 a - 2 scrolls of fog
 e - a scroll of enchant armour
 g - 2 scrolls of remove curse
 m - 2 scrolls of enchant weapon
 D - a scroll of fear
 F - a scroll of teleportation
Potions
 b - a potion of heal wounds
 f - 4 potions of curing
 h - a potion of mutation {unknown}
 i - a potion of berserk rage {unknown}
 k - 3 potions of degeneration {unknown}
 l - 2 potions of might {unknown}
 p - a potion of haste {unknown}
 q - a potion of stabbing
 s - a potion of ambrosia {unknown}
 t - 2 potions of flight {unknown}
 w - 2 potions of lignification {unknown}
 C - 3 potions of resistance {unknown}
 E - 2 potions of magic


   Skills:
 - Level 3.0 Fighting
 + Level 10.6 Axes
 + Level 7.0 Armour
 - Level 1.7 Dodging
 - Level 4.0 Shields


You had 8 spell levels left.
You didn't know any spells.
Your spell library was empty.

Dungeon Overview and Level Annotations

Branches:
Dungeon (8/15)             Temple (0/1) D:4          Bailey (1/1)
   Lair: D:8-11

Altars:
Dithmenos
Gozag
Okawaru
Ru
Vehumet


Innate Abilities, Weirdness & Mutations

You have hoof-like feet.
You are partially covered in large bone plates. (SH +4)
Your flesh is cold resistant. (rC+)
You regenerate health from kills.


Message History

The orc warrior shoots a bolt.
You block the bolt.
There is an empty arch of ancient stone here.
You see here a bolt.
The orc warrior shoots a bolt.
The bolt hits you!
* * * LOW HITPOINT WARNING * * *
The orc warrior shoots a bolt.
You block the bolt.
You see here 2 bolts.
The orc warrior shoots a bolt.
The bolt hits you!
* * * LOW HITPOINT WARNING * * *
The orc warrior shoots a bolt.
The bolt completely misses you.
You see here a bolt.
The orc warrior shoots a bolt.
The bolt hits you.
* * * LOW HITPOINT WARNING * * *
The orc warrior shoots a bolt.
You block the bolt.
You see here 2 bolts.
You feel much better.
The orc warrior unwields a +0 arbalest.
The orc warrior hits you.
You hit the orc warrior but do no damage.
The orc warrior hits you!
The orc warrior shoots a bolt.
The bolt hits you!!
You die...

▒▒▒▒▒▒▒▒▒▒▒▒▒▒▒▒▒▒
················∩▒
··········(·(·((·▒
·············(·(·▒
············(·(··▒
············(··((▒
·······((·······(▒
·····≈≈≈≈≈······@▒
····≈≈▒)▒≈≈(···o·▒
····≈▒▒·▒▒≈·)····▒
····≈··^·o≈······▒
····≈▒∩·▒▒≈······▒
····≈·▒·▒≈≈······▒
▒····≈≈≈≈≈))·····▒
▒▒·······(·······▒
▒▒··············▒


You could see 2 orc warriors.

Vanquished Creatures
  Pikel (D:4)
  Grinder (D:4)
  An orc warrior (D:6)
  2 sky beasts (D:5)
  A phantom (D:6)
  3 ogres
  4 centaurs
  Blork the orc (D:5)
  A big kobold (D:4)
  3 bullfrogs
  A wyvern skeleton (D:8)
  A water moccasin skeleton (D:7)
  4 killer bees (D:7)
  5 wights (D:7)
  3 howler monkeys
  3 jellies
  A hound (D:6)
  A bullfrog skeleton (D:4)
  A centaur skeleton (D:6)
  Crazy Yiuf (D:4)
  6 orc priests
  4 orc wizards
  Ijyb (D:4)
  An iguana (D:4)
  Natasha (thrice) (D:4)
  10 worker ants
  2 hound skeletons
  7 adders
  A shadow imp (D:6)
  2 white imps
  An ooze (D:4)
  2 adder zombies
  4 worms
  2 dart slugs
  6 leopard geckos
  36 orcs
  6 giant cockroaches
  5 hobgoblins
  12 jackals
  3 quokkas
  8 bats
  9 frilled lizards
  13 goblins
  A jackal zombie (D:6)
  6 kobolds
  6 rats
196 creatures vanquished.

Notes
Turn   | Place    | Note
-------+----------+-------------------------------------------
     0 | D:1      | Azzok the Demonspawn Berserker began the quest for the Orb.
     0 | D:1      | Reached XP level 1. HP: 18/18 MP: 1/1
    89 | D:1      | Reached skill level 3 in Axes
   216 | D:1      | Gained mutation: You are partially covered in large bone
                  | plates. (SH +4) [demonic ancestry]
   216 | D:1      | Reached XP level 2. HP: 24/24 MP: 2/2
   770 | D:1      | Reached XP level 3. HP: 28/29 MP: 3/3
   807 | D:1      | Reached ** piety under Trog
  1147 | D:2      | Reached skill level 4 in Axes
  1492 | D:2      | Gained mutation: You have large cloven feet. [demonic
                  | ancestry]
  1492 | D:2      | Reached XP level 4. HP: 33/35 MP: 4/4
  2326 | D:3      | Reached skill level 1 in Shields
  2871 | D:4      | Found a staircase to the Ecumenical Temple.
  2881 | D:4      | Gained mutation: You have hoof-like feet. [demonic
                  | ancestry]
  2881 | D:4      | Reached XP level 5. HP: 35/41 MP: 5/5
  2942 | D:4      | Noticed a lemure
  2943 | D:4      | Noticed Pikel
  2943 | D:4      | Noticed a lemure
  2943 | D:4      | Noticed a lemure
  2944 | D:4      | Noticed a lemure
  2954 | D:4      | Killed Pikel
  2954 | D:4      | Reached skill level 6 in Axes
  2954 | D:4      | Reached XP level 6. HP: 32/47 MP: 6/6
  2954 | D:4      | Gained mutation: Your flesh is cold resistant. (rC+)
                  | [demonic ancestry]
  2954 | D:4      | Reached XP level 7. HP: 35/52 MP: 7/7
  3191 | D:4      | Noticed Ijyb
  3199 | D:4      | Killed Ijyb
  3331 | D:4      | Noticed Grinder
  3341 | D:4      | Killed Grinder
  3341 | D:4      | Reached skill level 7 in Axes
  3379 | D:4      | Got a brightly glowing short sword
  3386 | D:4      | Identified the +7 short sword of Lies {venom, rPois} (You
                  | found it on level 4 of the Dungeon)
  3473 | D:4      | Noticed Natasha
  3476 | D:4      | Killed Natasha
  3532 | D:4      | Noticed Natasha
  3538 | D:4      | Killed Natasha
  3647 | D:4      | Noticed Natasha
  3651 | D:4      | Killed Natasha
  3651 | D:4      | Gained mutation: You regenerate a little health from kills.
                  | [demonic ancestry]
  3651 | D:4      | Reached XP level 8. HP: 51/58 MP: 8/8
  3707 | D:4      | Reached *** piety under Trog
  3707 | D:4      | Reached skill level 8 in Axes
  3790 | D:4      | Found a runed translucent door.
  3791 | D:4      | Noticed Crazy Yiuf
  3799 | D:4      | Killed Crazy Yiuf
  3925 | D:5      | Entered Level 5 of the Dungeon
  4236 | D:5      | Found a radiant altar of Vehumet.
  4581 | D:5      | Noticed Blork the orc
  4586 | D:5      | Killed Blork the orc
  4646 | D:5      | Reached skill level 9 in Axes
  4763 | D:5      | Found a shadowy altar of Dithmenos.
  4769 | D:5      | Found a sacrificial altar of Ru.
  4772 | D:5      | Found a radiant altar of Vehumet.
  5710 | D:6      | Gained mutation: You regenerate health from kills. [demonic
                  | ancestry]
  5710 | D:6      | Reached XP level 9. HP: 63/63 MP: 9/9
  5758 | D:6      | Reached **** piety under Trog
  5812 | D:6      | Found an iron altar of Okawaru.
  5894 | D:6      | Reached skill level 5 in Armour
  6004 | D:6      | Found an opulent altar of Gozag.
  6652 | D:7      | Reached skill level 10 in Axes
  7281 | D:8      | Reached ***** piety under Trog
  7301 | D:8      | Found a flagged portal.
  7328 | Bailey   | Entered a bailey
  7628 | Bailey   | Shot with a bolt by an orc warrior

Illustrated notes

Levels and vault maps discovered:
D:1:      dpeg_arrival_rooms_a, layout_loops_ring, hangedman_decor_peaks_small,
          minmay_close_crescents
D:2:      layout_loops_cross
D:3:      layout_basic, hangedman_decor_push, grunt_ministairs_15
D:4:      minmay_spotlight, layout_loops_ring, temple_fountains,
          grunt_tough_drop, uniq_natasha, uniq_crazy_yiuf_cottage, uniq_pikel,
          uniq_grinder, uniq_ijyb
D:5:      layout_loops_cross, grunt_temple_overflow_diamond,
          serial_bayou_pond_d, ebering_dispersal_statue_hall,
          minmay_misc_feat_rugged, vehumet_altar_wand_db, uniq_blork_the_orc
D:6:      layout_cave_pools, lemuel_crystal_altar, kennysheep_cross_room,
          okawaru_ov_weapons_minmay
D:7:      layout_loops_ring
D:8:      layout_loops_ring, enter_bailey_3
Bailey:   bailey_polearm_2, bailey

Skill      XL: |  1  2  3  4  5  6  7  8  9 |
---------------+----------------------------+-----
Axes           | 3 4 6 7 9 10 | 10.6
Shields        | 1 3 4 |  4.0
Armour         | 4 7 |  7.0
Fighting       | |  3.0
Dodging        | |  1.7

Action                   |  1- 3 |  4- 6 |  7- 9 || total
-------------------------+-------+-------+-------++-------
Melee: Hand axe          |   108 |    61 |    25 ||   194
       Kick              |       |     9 |    88 ||    97
       Short sword       |       |       |   357 ||   357
       Spear             |       |       |    13 ||    13
Invok: Berserk           |     1 |     1 |     2 ||     4
       Trog's Hand       |       |       |     1 ||     1
  Use: Scroll            |       |       |    14 ||    14
       Potion            |       |       |     2 ||     2
Armor: Animal skin       |    22 |       |       ||    22
       Chain mail        |    17 |    17 |     3 ||    37
       Ring mail         |     2 |       |       ||     2
       Plate armour      |       |       |   199 ||   199
Dodge: Dodged            |    46 |    20 |    99 ||   165
       Repelled          |       |       |     2 ||     2
Block: Other             |     9 |     1 |       ||    10
       Buckler           |       |    10 |   167 ||   177

Table legend: (Time is in decaauts)
 A = Elapsed time spent in this place.
 B = Non-inter-level travel time spent in this place.
 C = Inter-level travel time spent in this place.
 D = Time resting spent in this place.
 E = Time spent auto-exploring this place.
 F = Levels seen in this place.
 G = Mean time per level.
                   A        B        C        D        E       F      G
               +--------+--------+--------+--------+--------+-----+--------+
         Total |   7715 |   7413 |    302 |    792 |   5086 |   9 |  857.2 |
       Dungeon |   7419 |   7117 |    302 |    667 |   5060 |   8 |  927.4 |
        Bailey |    296 |    296 |      0 |    125 |     26 |   1 |  296.0 |
               +--------+--------+--------+--------+--------+-----+--------+

Top non-repeatable levels by time:
     D:5: 1573 daAuts
     D:1: 1106 daAuts
     D:4: 1088 daAuts
     D:2: 932 daAuts
     D:3: 855 daAuts
     D:7: 847 daAuts
     D:6: 816 daAuts
  Bailey: 296 daAuts
     D:8: 198 daAuts
